 Dungeon Crawl Stone Soup version 0.30-a0-586-g23e55c9e0a (webtiles) character file.

Game seed: 5007722475617154665

1082 snetch the Cleaver (level 8, -7/70 HPs)
             Began as a Hill Orc Fighter on Jan 3, 2023.
             Was a Follower of Beogh.
             Killed from afar by an oklob plant (16 damage)
             ... with a splash of acid
             ... on level 5 of the Dungeon.
             The game lasted 00:12:04 (3624 turns).

snetch the Cleaver (Hill Orc Fighter)               Turns: 3624, Time: 00:12:04

Health: -7/70      AC:  6    Str: 21    XL:     8   Next: 30%
Magic:  8/8        EV:  7    Int:  8    God:    Beogh [*.....]
Gold:   930        SH:  4    Dex: 10    Spells: 7/7 levels left

rFire   + . .      SeeInvis .    a - +6 war axe of Basata {vamp, Fly Will+}
rCold   . . .      Faith    +    y - +0 buckler
rNeg    . . .      Spirit   .    e - +0 chain mail
rPois   .          Reflect  .    (no helmet)
rElec   .          Harm     .    B - +1 cloak
rCorr   .          Rampage  .    J - +0 pair of gloves
Will    +....                    z - +0 pair of boots Stlth
                                 r - amulet of faith
HPRegen 0.31/turn                t - ring of protection from fire
MPRegen 0.11/turn                v - +4 ring of protection

@: corroded, flying
A: no striking features
a: Renounce Religion


You were on level 5 of the Dungeon.
You worshipped Beogh.
Beogh was aware of your devotion.
You visited 1 branch of the dungeon, and saw 6 of its levels.

You collected 1155 gold pieces.
You spent 225 gold pieces at shops.

Inventory:

Hand Weapons
 a - the +6 war axe of Basata (weapon) {vamp, Fly Will+}
   (You acquired it on level 5 of the Dungeon)

   It occasionally heals its wielder for a portion of the damage dealt when it
   wounds a living foe.
   Fly:       It grants you flight.
   Will:      It increases your willpower.
 b - a +0 morningstar of holy wrath
 c - a +4 spear
 E - a +2 halberd of protection
Missiles
 g - 55 stones
 o - 17 poisoned darts (quivered)
 C - 4 boomerangs
Armour
 e - a +0 chain mail (worn)
 y - a +0 buckler (worn)
 z - a +0 pair of boots (worn)
 B - a +1 cloak (worn)
 D - the +0 ring mail of Hairiness {rF+}
   (You found it on level 4 of the Dungeon)

   rF:        It protects you from fire.
 J - a +0 pair of gloves (worn)
Jewellery
 r - an amulet of faith (around neck)
 t - a ring of protection from fire (left hand)
 v - a +4 ring of protection (right hand)
 A - a ring of fire
 L - a +6 ring of intelligence
 N - an amulet of regeneration
Wands
 u - a wand of polymorph (10)
 x - a wand of acid (6)
 H - a wand of digging (5)
Scrolls
 i - 2 scrolls of teleportation {unknown}
 j - 2 scrolls of noise {unknown}
 l - 2 scrolls of amnesia {unknown}
 n - 3 scrolls of magic mapping
 p - 4 scrolls of enchant armour {unknown}
 q - a scroll of silence
 F - a scroll of fog {unknown}
 I - a scroll of poison
 M - a scroll of vulnerability {unknown}
Potions
 d - 2 potions of might
 f - a potion of mutation
 h - a potion of lignification
 k - a potion of flight
 m - a potion of ambrosia
 s - 2 potions of invisibility {unknown}
 w - a potion of magic {unknown}
 K - a potion of haste {unknown}
 P - a potion of resistance {unknown}


   Skills:
 + Level 5.7 Fighting
 + Level 8.9 Axes
 + Level 0.3(4.5) Maces & Flails
 + Level 1.1 Throwing
 + Level 5.5 Armour
 + Level 1.3 Dodging
 + Level 0.2 Stealth
 + Level 4.6 Shields


You had 7 spell levels left.
You didn't know any spells.
Your spell library contained the following spells:

 Spells                   Type           Power      Damage    Failure   Level
 Sting                    Tmut/Pois      0%         1d3       99%         1
 Poisonous Vapours        Pois/Air       0%         N/A       100%        2
 Dazzling Flash           Conj/Hex       0%         N/A       100%        3
 Iskenderun's Mystic Bla  Conj/Tloc      0%         2d3       100%        4
 Olgreb's Toxic Radiance  Pois           0%         N/A       100%        4
 Starburst                Conj/Fire      0%         6d3       100%        6


Dungeon Overview and Level Annotations

Branches:
Dungeon (6/15)             Temple (0/1) D:6

Altars:
Cheibriados
Fedhas
Hepliaklqana
Ru
Vehumet
Xom

Shops:
D:4 *

Annotations:
D:5 snails behind glass, exclusion: oklob plant


Message History

A nearby plant withers and dies.
Really fly into a travel-excluded area?
A nearby plant withers and dies.
A nearby fungus withers and dies.
The oklob plant spits acid at you. The splash of acid hits you!!
The acid corrodes you!
You hit the oklob plant.
The oklob plant is lightly damaged.
You slash the plant!
The plant begins to die.
You hit the oklob plant.
You feel better.
The oklob plant is lightly damaged.
You slash the plant! You completely miss the oklob plant.
The oklob plant is lightly damaged.
You slash the plant! The oklob plant spits acid at you.
The splash of acid hits you. The acid corrodes you!
You slash the oklob plant!
You feel better.
The oklob plant is heavily damaged.
You hit the plant.
You hit the oklob plant but do no damage.
The oklob plant is heavily damaged.
You hit the plant but do no damage.
A nearby plant withers and dies.
The oklob plant spits acid at you. The splash of acid hits you!
The acid corrodes you!
You hit the oklob plant but do no damage.
The oklob plant is moderately damaged.
The oklob plant spits acid at you. The splash of acid hits you!
You hit the oklob plant but do no damage.
The oklob plant is moderately damaged.
You hit the oklob plant but do no damage.
The oklob plant is moderately damaged.
The oklob plant spits acid at you. The splash of acid hits you!!
* * * LOW HITPOINT WARNING * * *
You slash the oklob plant!
The oklob plant is heavily damaged.
The oklob plant spits acid at you. The splash of acid hits you!
You die... #################### #PPPPP##P##PPP#PPPPP

#P.#.PPP#P.P...#..PP
#PP@....PPPP.......P
#P..#..#.#P........# ######
#P#.P..........#.... .....#
.##P.P....~≈~~~..P#.. .....#
...#PPPPP..~≈≈≈≈≈~..### .....#
#...#PPPP..≈≈≈≈≈≈≈≈~...P
.....#####...#PPPP.~~≈~~~~~≈≈~.P#
.....'...#...#PPPP.~~≈≈...~≈≈≈.##
.....##.....##PPPP......_.≈≈≈~...


You could see an oklob plant.

Vanquished Creatures
  A water moccasin (D:6)
  An orc warrior (D:6)
  An ice beast (D:4)
  An ogre (D:4)
  2 centaurs
  A phantom (D:4)
  2 scorpions
  Crazy Yiuf (D:2)
  2 hounds (D:6)
  An orc priest (D:5)
  4 iguanas
  3 adders
  A worm (D:2)
  16 orcs
  8 ball pythons
  6 bats
  6 endoplasms
  5 giant cockroaches
  9 goblins
  6 hobgoblins
  2 jackals (D:5)
  5 kobolds
  5 quokkas
  4 frilled lizards
  4 rats
97 creatures vanquished.

Vanquished Creatures (others)
  A jelly (D:5)
  2 jackals (D:5)
  10 fungi (D:5)
  18 plants (D:5)
31 creatures vanquished.

Grand Total: 128 creatures vanquished

Notes
Turn   | Place    | Note
-------+----------+-------------------------------------------
     0 | D:1      | snetch the Hill Orc Fighter began the quest for the Orb.
     0 | D:1      | Reached XP level 1. HP: 19/19 MP: 1/1
    13 | D:2      | Found a shimmering altar of Xom.
   126 | D:1      | Reached XP level 2. HP: 27/27 MP: 2/2
   158 | D:1      | Reached skill level 3 in Axes
   231 | D:2      | Reached XP level 3. HP: 22/33 MP: 3/3
   577 | D:1      | Found a faded altar of an unknown god.
  1045 | D:2      | Reached XP level 4. HP: 29/40 MP: 4/4
  1117 | D:3      | Noticed a scorpion
  1138 | D:3      | Killed a scorpion
  1139 | D:3      | Reached skill level 4 in Axes
  1139 | D:3      | Reached XP level 5. HP: 9/46 MP: 5/5
  1502 | D:2      | Found a runed translucent door.
  1503 | D:2      | Noticed Crazy Yiuf
  1509 | D:2      | Killed Crazy Yiuf
  1629 | D:4      | Reached skill level 5 in Axes
  1631 | D:4      | Noticed a phantom
  1641 | D:4      | Killed a phantom
  1642 | D:4      | Reached XP level 6. HP: 51/53 MP: 6/6
  1646 | D:4      | Identified the +0 ring mail of Hairiness {rF+}
  2064 | D:3      | Reached skill level 6 in Axes
  2407 | D:4      | Found Juirage's General Store.
  2424 | D:4      | Bought a potion of degeneration for 10 gold pieces
  2424 | D:4      | Bought a scroll of identify for 20 gold pieces
  2433 | D:4      | Identified a scroll of acquirement
  2436 | D:4      | Acquired 930 gold pieces
  2443 | D:4      | Bought a potion of mutation for 80 gold pieces
  2443 | D:4      | Bought a scroll of magic mapping for 75 gold pieces
  2443 | D:4      | Bought a scroll of poison for 40 gold pieces
  2454 | D:4      | Noticed an ice beast
  2464 | D:4      | Killed an ice beast
  2465 | D:4      | Reached XP level 7. HP: 33/60 MP: 7/7
  2601 | D:5      | Entered Level 5 of the Dungeon
  2730 | D:4      | Reached skill level 5 in Armour
  2730 | D:4      | Reached skill level 1 in Dodging
  2743 | D:4      | Found a radiant altar of Vehumet.
  2754 | D:4      | Found a hazy altar of Hepliaklqana.
  2912 | D:5      | Reached skill level 5 in Fighting
  2913 | D:5      | Reached skill level 7 in Axes
  2913 | D:5      | Became a worshipper of Beogh the Brigand
  2932 | D:6      | Found a staircase to the Ecumenical Temple.
  2982 | D:5      | Acquired the +6 war axe of Basata {vamp, Fly Will+}
  3188 | D:5      | Reached skill level 8 in Axes
  3188 | D:5      | Reached skill level 1 in Throwing
  3188 | D:5      | Reached XP level 8. HP: 68/68 MP: 8/8
  3234 | D:5      | Found a sacrificial altar of Ru.
  3311 | D:6      | Reached * piety under Beogh
  3449 | D:5      | Noticed a torpor snail
  3451 | D:5      | Found a snail-covered altar of Cheibriados.
  3451 | D:5      | Noticed a torpor snail
  3451 | D:5      | Noticed a torpor snail
  3564 | D:5      | Found a blossoming altar of Fedhas.
  3599 | D:5      | Noticed an oklob plant
  3624 | D:5      | Killed from afar by an oklob plant

Illustrated notes

Levels and vault maps discovered:
D:1:      saegor_arrival_simple_d, layout_rooms,
          nicolae_ecumenical_snake_handling, minmay_quantized
D:2:      kennysheep_the_goblin_king, layout_basic, basic_altar,
          chequers_hall_statues_corner_a, uniq_crazy_yiuf_cottage
D:3:      layout_rooms
D:4:      layout_cave_pools, mainiacjoe_overflow_swirl, serial_shops,
          shop_fountains
D:5:      layout_basic, cheibriados_altar_2, tgw_fedhas,
          nicolae_ru_sacrificial_ziggurat, uniq_blork_the_orc
D:6:      layout_basic, minmay_temple_entry_junction_2

Skill      XL: |  1  2  3  4  5  6  7 |
---------------+----------------------+-----
Axes           | 3 4 5 6 8 |  8.9
Fighting       | 4 5 |  5.7
Armour         | 4 5 |  5.5
Shields        | 4 |  4.6
Dodging        | 1 |  1.3
Throwing       | 1 |  1.1
Maces & Flails | |  0.3
Stealth        | |  0.2

Action                   |  1- 3 |  4- 6 |  7- 9 || total
-------------------------+-------+-------+-------++-------
Melee: War axe           |   112 |    86 |    90 ||   288
       Morningstar       |       |     4 |       ||     4
Throw: Stone             |     1 |     1 |     1 ||     3
Invok: Convert to Beogh  |       |       |     1 ||     1
  Use: Scroll            |       |     6 |     1 ||     7
Armor: Scale mail        |    56 |       |       ||    56
       Chain mail        |    48 |    58 |    64 ||   170
Dodge: Dodged            |    65 |    26 |    34 ||   125
Block: Buckler           |    30 |    18 |    21 ||    69

Table legend: (Time is in decaauts)
 A = Elapsed time spent in this place.
 B = Non-inter-level travel time spent in this place.
 C = Inter-level travel time spent in this place.
 D = Time resting spent in this place.
 E = Time spent auto-exploring this place.
 F = Levels seen in this place.
 G = Mean time per level.
                   A        B        C        D        E       F      G
               +--------+--------+--------+--------+--------+-----+--------+
         Total |   3707 |   3496 |    211 |      0 |   2116 |   6 |  617.8 |
       Dungeon |   3707 |   3496 |    211 |      0 |   2116 |   6 |  617.8 |
               +--------+--------+--------+--------+--------+-----+--------+

Top non-repeatable levels by time:
     D:2: 910 daAuts
     D:4: 757 daAuts
     D:1: 673 daAuts
     D:5: 628 daAuts
     D:3: 628 daAuts
     D:6: 108 daAuts
